 Dungeon Crawl Stone Soup version 0.23.2-1-ga50397a (webtiles) character file.

Game seed: 6982163423394667070

85 shadizar the Cutter (level 4, 0/27 HPs)
             Began as a Gargoyle Gladiator on May 13, 2019.
             Slain by a river rat (6 damage)
             ... on level 3 of the Dungeon.
             The game lasted 00:01:56 (1378 turns).

shadizar the Cutter (Gargoyle Gladiator)            Turns: 1378, Time: 00:01:56

Health: 0/27       AC:  7    Str: 18    XL:     4   Next: 48%
Magic:  4/4        EV: 12    Int:  9    God:
Gold:   83         SH:  0    Dex: 11    Spells: 3/3 levels left

rFire    . . .     SeeInvis .   a - +0 rapier
rCold    . . .     Gourm    .   (no shield)
rNeg     + . .     Faith    .   b - +0 leather armour
rPois    ∞         Spirit   .   c - +0 helmet
rElec    +         Reflect  .   (no cloak)
rCorr    .         Harm     .   (no gloves)
MR       .....                  (no boots)
Stlth    +.........             (no amulet)
HPRegen  0.09/turn              (no ring)
MPRegen  0.09/turn              (no ring)

@: no status effects
A: negative energy resistance 1, electricity resistance, unbreathing,
petrification resistance, rot immunity, AC +3
a: no special abilities


You were on level 3 of the Dungeon.
You were not hungry.

You visited 1 branch of the dungeon, and saw 3 of its levels.

You collected 83 gold pieces.

Inventory:

Hand Weapons
 a - a +0 rapier (weapon)
Missiles
 d - 3 throwing nets (quivered)
Armour
 b - a +0 leather armour (worn)
 c - a +0 helmet (worn)
 g - a +0 chain mail
 m - a +2 hat
Scrolls
 h - 2 scrolls of remove curse {unknown}
 i - a scroll of blinking {unknown}
 j - a scroll of immolation {unknown}
 k - a scroll of magic mapping {unknown}
 p - a scroll of teleportation {unknown}
 q - a scroll of enchant armour {unknown}
 s - a scroll of identify {unknown}
Potions
 e - 3 potions of haste {unknown}
 l - 2 potions of brilliance {unknown}
 n - a potion of invisibility {unknown}
 o - a potion of resistance {unknown}
Comestibles
 f - 5 rations
 r - a chunk of flesh


   Skills:
 + Level 2.9 Fighting
 + Level 3.1 Short Blades
 + Level 2.4 Throwing
 + Level 1.7 Armour
 + Level 2.9 Dodging


You had 3 spell levels left.
You didn't know any spells.
Your spell library was empty.

Dungeon Overview and Level Annotations

Branches:
Dungeon (3/15)

Altars:
Sif Muna

Portals:
Sewer: D:3


Innate Abilities, Weirdness & Mutations

You are resistant to torment.
Your stone body is resilient. (AC +3)
You are immune to poison.
You resist negative energy. (rN+)
You are resistant to electric shocks. (rElec)
You can survive without breathing.
You are immune to petrification.
You are immune to rotting.


Message History

You closely miss the river rat.
The river rat is heavily wounded.
The river rat misses you.
You barely miss the river rat.
The river rat is heavily wounded.
The river rat bites you.
You hit the river rat but do no damage.
The river rat is heavily wounded.
The river rat misses you.
You hit the river rat but do no damage.
The river rat is heavily wounded.
The river rat bites you.
* * * LOW HITPOINT WARNING * * *
You hit the river rat.
The river rat is severely wounded.
The river rat closely misses you.
You closely miss the river rat.
The river rat is severely wounded.
The river rat bites you.
You die...

..# ####.........##
....
..............#
#..####...........#
#.....#)........<.#
#.............#
#.......).....#
#.......(.....#
#......†...<..#
.≈........r@....##
#≈≈≈≈≈##.##..#.##
#≈≈≈≈≈##.##.###.$
≈≈.....≈≈.##=.# ##
≈≈.....≈≈......#
....∩..≈≈≈##..(#
.≈≈.###.## .# .#


You could see a river rat.

Vanquished Creatures
  2 adders (D:2)
  A worm (D:2)
  A dart slug (D:1)
  A leopard gecko (D:2)
  3 giant cockroaches
  15 goblins
  5 hobgoblins
  3 jackals (D:1)
  2 ball pythons
  8 bats
  2 frilled lizards (D:1)
  A kobold (D:1)
  13 rats
57 creatures vanquished.

Notes
Turn   | Place    | Note
-------+----------+-------------------------------------------
     0 | D:1      | shadizar the Gargoyle Gladiator began the quest for the
                  | Orb.
     0 | D:1      | Reached XP level 1. HP: 12/12 MP: 1/1
   111 | D:1      | Reached XP level 2. HP: 18/18 MP: 2/2
   512 | D:1      | Reached skill level 1 in Armour
   546 | D:1      | Reached XP level 3. HP: 20/22 MP: 3/3
   634 | D:2      | Reached skill level 3 in Short Blades
   855 | D:2      | Reached XP level 4. HP: 26/27 MP: 4/4
  1059 | D:2      | Found a deep blue altar of Sif Muna.
  1356 | D:3      | Found a glowing drain.
  1378 | D:3      | Slain by a river rat

Skill      XL: |  1  2  3 |
---------------+----------+-----
Throwing       | 2 |  2.4
Armour         | 1 |  1.7
Short Blades   | 3 |  3.1
Fighting       | |  2.9
Dodging        | |  2.9

Action                   |  1- 3 |  4- 6 || total
-------------------------+-------+-------++-------
Melee: Rapier            |   117 |    68 ||   185
 Stab: Sleeping          |     1 |       ||     1
  Eat: Chunk             |       |     2 ||     2
Armor: Leather armour    |    62 |    23 ||    85
Dodge: Dodged            |    95 |    45 ||   140
